 Dungeon Crawl Stone Soup version 0.29.1-13-g9f3cf754e1 (webtiles) character file.

Game seed: 3094720957756969864

1145 Kold the Skirmisher (level 8, 0/62 HPs)
             Began as a Hill Orc Hunter on Jan 31, 2023.
             Was an Initiate of Beogh.
             Slain by a five-headed hydra (2 damage)
             ... on level 7 of the Dungeon.
             The game lasted 00:08:34 (5022 turns).

Kold the Skirmisher (Hill Orc Hunter)               Turns: 5022, Time: 00:08:36

Health: 0/62       AC:  6    Str: 14    XL:     8   Next: 37%
Magic:  8/8        EV: 12    Int: 13    God:    Beogh [......]
Gold:   284        SH:  0    Dex: 16    Spells: 7/7 levels left

rFire   . . .      SeeInvis +   g - +7 arbalest "Orb Guardian's Peril" {speed, rCorr Int+4}
rCold   . . .      Faith    .   (shield currently unavailable)
rNeg    . . .      Spirit   .   c - +0 leather armour
rPois   .          Reflect  .   p - +0 helmet
rElec   .          Harm     .   w - +0 cloak
rCorr   +          Rampage  .   z - +0 pair of gloves
Will    .....                   (no boots)
Stlth   ++........              (no amulet)
HPRegen 0.20/turn               b - ring of see invisible
MPRegen 0.11/turn               (no ring)

@: mighty
A: no striking features
a: Renounce Religion


You were on level 7 of the Dungeon.
You worshipped Beogh.
Beogh was noncommittal.
You visited 2 branches of the dungeon, and saw 8 of its levels.

You collected 284 gold pieces.

Inventory:

Hand Weapons
 g - the +7 arbalest "Orb Guardian's Peril" (weapon) {speed, rCorr Int+4}
   (You found it on level 3 of the Dungeon)

   Attacks with this weapon are significantly faster.
   Int:       It affects your intelligence (+4).
   rCorr:     It protects you from acid and corrosion.
Armour
 c - a +0 leather armour (worn)
 p - a +0 helmet (worn)
 w - a +0 cloak (worn)
 z - a +0 pair of gloves (worn)
Jewellery
 b - a ring of see invisible (left hand)
Wands
 x - a wand of polymorph (6)
Scrolls
 f - 3 scrolls of fog {unknown}
 h - 2 scrolls of magic mapping {unknown}
 k - 2 scrolls of fear {unknown}
 l - a scroll of enchant armour {unknown}
 n - a scroll of vulnerability {unknown}
 o - a scroll of poison {unknown}
 r - 2 scrolls of blinking {unknown}
 t - a scroll of amnesia {unknown}
 y - a scroll of noise {unknown}
Potions
 a - a potion of haste {unknown}
 d - 3 potions of curing
 e - a potion of brilliance {unknown}
 i - a potion of flight
 j - a potion of cancellation {unknown}
 m - 6 potions of heal wounds {unknown}
 q - a potion of might
 s - a potion of lignification
 u - a potion of magic {unknown}
 v - a potion of attraction {unknown}


   Skills:
 - Level 2.6 Fighting
 + Level 9.5 Ranged Weapons
 - Level 2.0 Dodging
 - Level 1.0 Stealth


You had 7 spell levels left.
You didn't know any spells.
Your spell library contained the following spells:

 Spells                   Type           Power      Damage    Failure   Level
 Slow                     Hex            0%         N/A       36%         1
 Confusing Touch          Hex            0%         N/A       75%         3
 Portal Projectile        Hex/Tloc       0%         N/A       75%         3
 Tukima's Dance           Hex            0%         N/A       75%         3
 Vampiric Draining        Necr           0%         2d6       75%         3
 Leda's Liquefaction      Hex/Erth       0%         N/A       98%         4
 Blade Hands              Tmut           0%         N/A       100%        5
 Lee's Rapid Deconstruct  Erth           0%         3d5*      100%        5
 Statue Form              Tmut/Erth      0%         N/A       100%        6


Dungeon Overview and Level Annotations

Branches:
Dungeon (7/15)             Temple (1/1) D:4

Altars:
Cheibriados
Dithmenos
Gozag
Makhleb
Nemelex Xobeh
Qazlal
Sif Muna
Trog
Vehumet
Xom
Yredelemnul
Zin
The Shining One

Shops:
D:1 [


Message History

[Y]es or [N]o only, please.
Really attack while wielding the +7 arbalest "Orb Guardian's Peril" {speed, rCorr Int+4}? [Y]es or [N]o only, please.
Really attack while wielding the +7 arbalest "Orb Guardian's Peril" {speed, rCorr Int+4}?
Okay, then.
You shoot a bolt. The bolt hits the goblin zombie!!
You destroy the goblin zombie!
Beogh accepts your kill.
Unknown command.
You open the door.
An orc zombie comes into view.
Really attack while wielding the +7 arbalest "Orb Guardian's Peril" {speed, rCorr Int+4}? [Y]es or [N]o only, please.
Really attack while wielding the +7 arbalest "Orb Guardian's Peril" {speed, rCorr Int+4}?
Okay, then.
You shoot a bolt. The bolt hits the orc zombie!!
You destroy the orc zombie!
Beogh accepts your kill.
A five-headed hydra comes into view.
The five-headed hydra roars!
You shoot a bolt. The bolt hits the five-headed hydra!!
The five-headed hydra is moderately wounded.
You shoot a bolt. The bolt hits the five-headed hydra!
The five-headed hydra is heavily wounded.
You shoot a bolt. The bolt hits the five-headed hydra!
The five-headed hydra is severely wounded.
You shoot a bolt. The bolt hits the five-headed hydra.
The five-headed hydra is severely wounded.
You shoot a bolt.
The bolt barely misses the five-headed hydra.
The five-headed hydra bites you. x2; The five-headed hydra bites you! x2
The five-headed hydra misses you.
You are too injured to fight recklessly!
You feel very mighty all of a sudden. The five-headed hydra bites you.
The five-headed hydra bites you!
* * * LOW HITPOINT WARNING * * *
The five-headed hydra bites you!
* * * LOW HITPOINT WARNING * * *
The five-headed hydra bites you.
You die...

#......#.......#......#
#......#....###########
#......#....#.........
#......#....#.........
#......#....'.........
##......+....#.........
........######.........
.......D........#+#####
.......@.............[.
....###+###.###'###....
... ##...##.# .. .
##.....### #.......#
#..###'###.... #.. #.#
...# #. ### ### #


You could see a five-headed hydra.

Vanquished Creatures
  Menkaure (D:4)
  2 black bears
  An ogre (D:4)
  A gnoll sergeant (D:7)
  A scorpion (D:6)
  A howler monkey (D:6)
  A vampire bat (D:3)
  3 hounds
  Crazy Yiuf (D:5)
  Jessica (D:3)
  5 iguanas
  The ghost of Sapher the Digger, a weakling MeEE (D:3)
  5 gnolls (D:7)
  5 adders
  A white imp (D:4)
  2 ufetubi (D:6)
  3 worms
  3 dart slugs
  3 fire bats (D:3)
  2 orcs (D:6)
  2 spectral bats (D:3)
  9 ball pythons
  13 bats
  3 bat skeletons (D:3)
  A bat zombie (D:3)
  8 endoplasms
  6 giant cockroaches
  4 hobgoblins
  11 jackals
  A quokka (D:1)
  A bat simulacrum (D:3)
  A goblin (D:1)
  A goblin zombie (D:7)
  3 kobolds
  An orc zombie (D:7)
  2 rats
110 creatures vanquished.

Vanquished Creatures (others)
  A necrophage (D:6)
  An orc wizard (D:6)
  An adder (D:6)
  4 fungi (D:1)
  A plant (D:7)
8 creatures vanquished.

Grand Total: 118 creatures vanquished

Notes
Turn   | Place    | Note
-------+----------+-------------------------------------------
     0 | D:1      | Kold the Hill Orc Hunter began the quest for the Orb.
     0 | D:1      | Reached XP level 1. HP: 18/18 MP: 1/1
   286 | D:1      | Found a faded altar of an unknown god.
   298 | D:1      | Reached skill level 1 in Stealth
   341 | D:1      | Reached XP level 2. HP: 25/25 MP: 2/2
   385 | D:1      | You fall into a shaft and drop 1 floor!
   479 | D:1      | Found Berrar's Armour Emporium.
   665 | D:2      | Reached skill level 4 in Ranged Weapons
   665 | D:2      | Reached XP level 3. HP: 14/30 MP: 3/3
  1330 | D:3      | Found a runed translucent door.
  1330 | D:3      | Noticed Sapher's ghost (weakling MeEE)
  1434 | D:3      | Reached XP level 4. HP: 37/37 MP: 4/4
  1451 | D:3      | Reached skill level 5 in Ranged Weapons
  1532 | D:3      | Reached XP level 5. HP: 41/42 MP: 5/5
  1738 | D:3      | Identified the +7 arbalest "Orb Guardian's Peril" {speed,
                  | rCorr Int+4}
  1905 | D:3      | Reached skill level 6 in Ranged Weapons
  1940 | D:3      | Reached XP level 6. HP: 50/50 MP: 6/6
  2232 | D:3      | Noticed Jessica
  2233 | D:3      | Killed Jessica
  2592 | D:3      | Killed Sapher's ghost
  2762 | D:4      | Noticed Menkaure
  2764 | D:4      | Killed Menkaure
  2765 | D:4      | Reached skill level 7 in Ranged Weapons
  2771 | D:4      | Found a staircase to the Ecumenical Temple.
  2778 | Temple   | Entered the Ecumenical Temple
  2812 | D:4      | Reached XP level 7. HP: 56/56 MP: 7/7
  3175 | D:5      | Entered Level 5 of the Dungeon
  3300 | D:5      | Reached skill level 8 in Ranged Weapons
  3465 | D:5      | Found a runed translucent door.
  3473 | D:5      | Identified the +5 hammer of Hubof {flame, rC+ Will+ Int+6}
  3475 | D:5      | Identified the +7 hammer "Kungangac" {drain, Int+6}
  3478 | D:5      | Noticed Crazy Yiuf
  3499 | D:5      | Killed Crazy Yiuf
  3810 | D:6      | Became a worshipper of Beogh the Brigand
  3844 | D:6      | Reached XP level 8. HP: 62/62 MP: 8/8
  4088 | D:6      | Found a burning altar of Makhleb.
  4130 | D:6      | Reached skill level 9 in Ranged Weapons
  5014 | D:7      | Noticed a five-headed hydra
  5022 | D:7      | HP: 2/62 [five-headed hydra (13)]
  5022 | D:7      | Slain by a five-headed hydra

Illustrated notes

Levels and vault maps discovered:
D:1:      scummos_arrival_gate, layout_basic,
          shapermc_ecumenical_altar_acropolis, serial_shops,
          nicolae_shop_hallway_stairs
D:2:      layout_rooms
D:3:      layout_basic, gammafunk_ghost_grave, goddamned_bats, uniq_jessica
D:4:      layout_cave_pools, minmay_temple_entry_ruins,
          kennysheep_generic_room_5, uniq_menkaure
D:5:      layout_cave_pools, nicolae_concentric_dashed_squares_mild,
          uniq_crazy_yiuf_cottage
D:6:      layout_layer_cave, mainiacjoe_overflow_boulevard
D:7:      layout_gridville, nicolae_hepliaklqana_hazy_memory,
          nicolae_ossuary_entry_giza, minmay_fractal_squares_gapless_5
Temple:   hellmonk_temple_two_chambers

Skill      XL: |  1  2  3  4  5  6  7  8 |
---------------+-------------------------+-----
Stealth        | 1 |  1.0
Dodging        | 2 |  2.0
Ranged Weapons | 4 5 6 7 8 9 |  9.5
Fighting       | |  2.6

Action                   |  1- 3 |  4- 6 |  7- 9 || total
-------------------------+-------+-------+-------++-------
 Fire: Shortbow          |    97 |    55 |       ||   152
       Arbalest          |       |    39 |    81 ||   120
Invok: Convert to Beogh  |       |       |     1 ||     1
  Use: Scroll            |       |       |     5 ||     5
       Potion            |       |       |     1 ||     1
Armor: Leather armour    |    16 |    48 |     4 ||    68
Dodge: Dodged            |    35 |    72 |    14 ||   121
